 Dungeon Crawl Stone Soup version 0.30.0-30-g96aa6591b8 (webtiles) character file.

Game seed: 8154006915368351699

120896 Bnni the Marksant (level 17, -8/127 HPs)
             Began as a Formicid Hexslinger on June 29, 2023.
             Was the Champion of Hepliaklqana.
             Mangled by a tentacle (11 damage)
             ... attached to a kraken
             ... on level 3 of the Shoals on June 30, 2023.
             The game lasted 01:34:41 (28923 turns).

Bnni the Marksant (Formicid Hexslinger)            Turns: 28923, Time: 01:34:42

Health: -8/127     AC: 14    Str: 11    XL:     17   Next: 38%
Magic:  13/35      EV: 18    Int: 21    God:    Hepliaklqana [******]
Gold:   1683       SH: 10    Dex: 16    Spells: 6/24 levels left

rFire   + . .        L - +0 arbalest
rCold   + . .        v - +0 buckler {AC+3}
rNeg    + + .        F - +1 ring mail of Boahuth {Rampage +Inv rC+ MP+9 Int+3}
rPois   .            (helmet unavailable)
rElec   .            E - +0 cloak
rCorr   +            (no gloves)
SInv    +            o - +2 pair of boots
Will    ++...        D - amulet of reflection
Stlth   +            T - ring of protection from fire
HPRegen 0.41/turn    R - ring "Vaysasash" {rN++ Will+ rCorr EV+5 Str-5}
MPRegen 0.24/turn

%: reflection, rampage
@: very slow
A: reduced essence, permanent stasis, dig shafts and tunnels, antennae 3, four
strong arms
a: Dig, Shaft Self, Renounce Religion, Evoke Invisibility, Recall Ancestor,
Ancestor Identity, Transference, Idealise


You were on level 3 of the Shoals.
You worshipped Hepliaklqana.
Hepliaklqana was exalted by your worship.
You visited 4 branches of the dungeon, and saw 25 of its levels.
You also visited: Gauntlet.

You collected 3310 gold pieces.
You spent 1627 gold pieces at shops.

Inventory:

Hand Weapons
 L - a +0 arbalest (weapon)
Missiles
 y - 2 throwing nets
 P - 8 curare-tipped darts
 V - 4 boomerangs of dispersal
Armour
 c - a +0 troll leather armour
 o - a +2 pair of boots (worn)
 v - a +0 buckler of protection (worn)
 E - a +0 cloak (worn)
 F - the +1 ring mail of Boahuth (worn) {Rampage +Inv rC+ MP+9 Int+3}
   (You found it on level 5 of the Lair of Beasts)

   Int:       It affects your intelligence (+3).
   rC:        It protects you from cold.
   MP:        It affects your magic capacity (+9).
   +Inv:      It lets you turn invisible.
   Rampage:   It bestows one free step when moving towards enemies.
 Q - a +2 robe of the Archmagi
Jewellery
 k - a ring of willpower
 u - a ring of flight
 z - an amulet of regeneration
 D - an amulet of reflection (around neck)
 J - a ring of wizardry
 M - the ring "Soenui" {Fire rN++ Dex-5 SInv}
   (You found it on level 5 of the Lair of Beasts)

   [ring of fire]

   It enhances your fire magic.
   Dex:       It affects your dexterity (-5).
   rF:        It protects you from fire.
   rC:        It makes you vulnerable to cold.
   rN:        It greatly protects you from negative energy.
   SInv:      It lets you see invisible.
 R - the ring "Vaysasash" (right hand) {rN++ Will+ rCorr EV+5 Str-5}
   (You bought it in a shop on level 2 of the Orcish Mines)

   [ring of evasion]

   EV:        It affects your evasion (+5).
   Str:       It affects your strength (-5).
   rN:        It greatly protects you from negative energy.
   rCorr:     It protects you from acid and corrosion.
   Will:      It increases your willpower.
 T - a ring of protection from fire (left hand)
Wands
 f - a wand of acid (4)
 l - a wand of flame (40)
 n - a wand of polymorph (7)
 q - a wand of mindburst (10)
 w - a wand of paralysis (27)
 C - a wand of roots (8)
Scrolls
 b - 4 scrolls of poison
 i - 8 scrolls of vulnerability
 j - 4 scrolls of identify
 r - 5 scrolls of immolation
 t - 3 scrolls of fog
 A - a scroll of summoning
 B - a scroll of brand weapon
 H - 5 scrolls of magic mapping
 I - 5 scrolls of enchant weapon
 O - a scroll of silence
 U - a scroll of enchant armour
 Y - 2 scrolls of amnesia
Potions
 a - 4 potions of might
 d - 14 potions of curing
 e - 2 potions of cancellation
 g - 4 potions of brilliance
 h - 8 potions of heal wounds
 m - 2 potions of ambrosia
 s - 3 potions of mutation
 x - a potion of magic
 G - 3 potions of resistance
 K - a potion of attraction
 N - 3 potions of flight
Miscellaneous
 W - a condenser vane
 X - a phantom mirror


   Skills:
 + Level 15.1 Fighting
 * Level 19.2 Ranged Weapons
 + Level 5.0 Armour
 + Level 7.2 Dodging
 - Level 5.0 Shields
 - Level 4.0 Spellcasting
 + Level 13.3 Hexes
 - Level 13.0 Invocations


You had 6 spell levels left.
You knew the following spells:

 Your Spells              Type           Power      Damage    Failure   Level
a - Slow                  Hex            100%       N/A       1%          1
b - Inner Flame           Hex/Fire       32%        N/A       8%          3
c - Portal Projectile     Hex/Tloc       64%        N/A       8%          3
d - Cause Fear            Hex            28%        N/A       1%          4
e - Tukima's Dance        Hex            56%        N/A       1%          3
h - Anguish               Hex/Necr       16%        N/A       24%         4

Your spell library contained the following spells:

 Spells                   Type           Power      Damage    Failure   Level
 Confusing Touch          Hex            56%        N/A       1%          3
 Ensorcelled Hibernation  Hex/Ice        64%        N/A       3%          2
 Summon Guardian Golem    Hex/Summ       32%        N/A       8%          3
 Necrotise                Necr           16%        1d4       36%         1
 Cigotuvi's Dreadful Rot  Necr/Pois/Air  8%         N/A       50%         2
 Passwall                 Tmut/Erth      3%         N/A       50%         2
 Ignite Poison            Fire/Tmut/Pois 4%         N/A       73%         3
 Spider Form              Tmut/Pois      4%         N/A       73%         3
 Stone Arrow              Conj/Erth      8%         3d7       73%         3
 Vampiric Draining        Necr           4%         2d6       73%         3
 Animate Armour           Summ/Erth      8%         N/A       98%         4
 Dispel Undead            Necr           4%         3d7       98%         4
 Manifold Assault         Tloc           4%         N/A       98%         4
 Sticky Flame             Conj/Fire      4%         2d3       98%         4
 Agony                    Necr           4%         N/A       100%        5
 Blade Hands              Tmut           2%         N/A       100%        5
 Death Channel            Necr           2%         N/A       100%        6
 Simulacrum               Ice/Necr       2%         N/A       100%        6
 Orb of Destruction       Conj           2%         9d5       100%        7
 Ozocubu's Refrigeration  Ice            2%         4d7       100%        7
 Spellforged Servitor     Conj/Summ      2%         N/A       100%        7
 Storm Form               Tmut/Air       2%         N/A       100%        7
 Ignition                 Fire           2%         3d3       100%        8
 Lehudib's Crystal Spear  Conj/Erth      2%         10d2      100%        8
 Polar Vortex             Ice            2%         N/A       100%        9
 Blink                    Tloc           Unusable   N/A       N/A         2
 Swiftness                Air            Unusable   N/A       N/A         3

Dungeon Overview and Level Annotations

Branches:
Dungeon (15/15)            Temple (0/1) D:4            Lair (5/5) D:10
 Shoals (3/4) Lair:2       Spider (0/4) Lair:2        Slime (0/5) Lair:5
    Orc (2/2) D:12            Elf (0/3) Orc:2        Vaults (0/5) D:14
 Depths (0/4) D:15        Gauntlet (visited)

Altars:
Ashenzari
Cheibriados
Dithmenos
Gozag
Hepliaklqana
Qazlal
Ru
Sif Muna
Vehumet
Wu Jian
Yredelemnul
Zin
Jiyva

Shops:
D:13 :!****   Orc:1 *!   Orc:2 =((?   Shoals:1 (   Shoals:2 *

Annotations:
D:8 2 runed translucent doors


Innate Abilities, Weirdness & Mutations

Your life essence is reduced to manifest your ancestor. (-10% HP)
You cannot be hasted, slowed, berserked, paralysed or teleported.
You can dig through walls and to a lower floor.
You have a pair of large antennae on your head. (SInv)
Your four strong arms can wield two-handed weapons with a shield.


Message History

Aim: a kraken (ink, water, heavily wounded, inner flame, 98% to hit)
You shoot a bolt.
The bolt hits the kraken but does no damage.
The kraken is heavily wounded.
The tentacle slaps you but does no damage.
A tentacle segment bursts forth from the water.
The tentacle slaps you but does no damage.
The tentacle slaps you. The tentacle barely misses you. The tentacle slaps you!
You block the tentacle's attack. x2
A tentacle comes into view.
Unknown command.
Casting: Cause Fear (mildly dangerous; 1% risk of failure)
Confirm with . or Enter, or press ? or * to list all spells.
Casting: Cause Fear (mildly dangerous; 1% risk of failure)
Press: ? - help, Dir - look around, f - activate The tentacle is unaffected. x4; The kraken easily resists.
The tentacle closely misses you. The tentacle slaps you!!
The tentacle slaps you! The tentacle completely misses you.
Unknown command.
Casting: Cause Fear (mildly dangerous; 1% risk of failure)
Confirm with . or Enter, or press ? or * to list all spells.
Casting: Cause Fear (mildly dangerous; 1% risk of failure)
Press: ? - help, Dir - look around, f - activate The tentacle is unaffected. x4
The kraken resists with almost no effort.
The tentacle slaps you but does no damage.
The tentacle slaps you!
* * * LOW HITPOINT WARNING * * *
The tentacle slaps you!
* * * LOW HITPOINT WARNING * * *
You block the tentacle's attack.
The tentacle slaps you but does no damage.
The tentacle closely misses you. You block the tentacle's attack.
The tentacle misses you.
As you read the scroll of fear, it crumbles to dust.
You assume a fearsome visage.
The tentacle is unaffected. x4
The kraken looks frightened!
The tentacle slaps you!
* * * LOW HITPOINT WARNING * * *
You block the tentacle's attack. The tentacle slaps you!
You die...

≈≈≈≈≈≈≈≈≈≈≈≈≈≈≈≈≈
≈≈≈≈≈≈~~~~~≈≈≈≈≈≈≈≈≈≈≈≈≈
≈≈≈≈~~~~~~~~~≈≈≈≈≈≈≈≈≈≈≈
~≈~~~~~~~...~≈≈≈≈≈≈≈≈≈≈≈≈≈
~~~~~.≈≈≈≈..~~~≈§§≈≈≈≈≈≈≈≈≈
~~~..≈≈≈≈≈≈..~§~§§§≈≈≈≈≈≈≈~
~~..≈≈≈≈≈≈##...§§X§§≈≈≈≈≈≈~
....≈≈≈≈≈≈P####www§~§~≈≈≈~~
..†.≈≈≈≈≈≈PP###†@w§§~~~≈≈~~
....≈≈≈≈≈≈~P.###§P§§~.~~≈~~
†.<.≈≈≈≈≈≈P.P###.P....~~~~~
.....P......PP##..P..~..~≈~
........P.....P####..~~~~≈≈
............###.##...~~≈≈≈≈
.....###.PP.# #...~~≈≈≈≈
>....####PP## #...~P≈≈≈≈
......###### ##P..~~~≈≈≈


You could see a kraken (inner flame, fleeing) and 4 tentacles.

Vanquished Creatures
  A kraken (Shoals:2)
  The ghost of purpleHaze the Brawler, a journeyman TrWr of the Shining One (Lair:5)
  A minotaur (Gauntlet)
  An ettin (Orc:2)
  The ghost of jaiteiro the Frost Mage, a journeyman NaIE of Cheibriados (Lair:3)
  Snorg (D:14)
  A merfolk impaler (Shoals:2)
  Harold (Orc:1)
  A fire dragon (D:15)
  Erolcha (D:13)
  An ice dragon (Lair:5)
  A vault guard (D:14)
  2 hydras
  2 catoblepae (Lair:5)
  4 centaur warriors
  2 merfolk avatars
  3 boulder beetles
  A merfolk aquamancer (Shoals:3)
  3 death yaks (Lair:5)
  3 two-headed ogres
  2 tengu warriors (D:15)
  Nergalle (Orc:1)
  Sonja (Orc:1)
  3 skysharks
  Amaemon (D:8)
  5 sea snakes
  A necromancer (D:14)
  3 deep elf pyromancers
  2 wizards
  19 harpies
  An oklob plant (Shoals:2)
  5 ugly things
  8 cyclopes
  A faun (Shoals:1)
  6 manticores
  4 merfolk sirens
  A black mamba (Lair:5)
  2 water nymphs
  9 elephants
  A torpor snail (Lair:5)
  Joseph (D:7)
  An orange demon (D:8)
  2 centaur skeletons (D:15)
  A gargoyle (D:13)
  An unseen horror (D:11)
  4 rime drakes (Lair:5)
  5 cane toads
  An efreet (D:13)
  A kobold demonologist (D:11)
  Psyche (D:8)
  3 komodo dragons
  13 merfolk
  4 trolls
  A meliai (Gauntlet)
  2 wind drakes (Shoals:2)
  Prince Ribbit (D:6)
  4 blink frogs (Lair:2)
  4 dream sheep (Shoals:3)
  3 snapping turtles
  3 shadows (Gauntlet)
  3 water elementals
  9 slime creatures
  4 basilisks
  40 yaks
  12 humans
  A death yak simulacrum (Lair:5)
  2 steam dragons
  5 vampire mosquitoes
  2 wargs
  4 acid dragons
  8 water moccasins
  Duvessa (D:5)
  4 hydra simulacra (Lair:5)
  22 orc warriors
  A sky beast (D:7)
  A black bear (D:5)
  10 wolves
  2 ogres
  11 centaurs
  A phantom (D:5)
  A kobold brigand (D:10)
  9 bullfrogs
  2 gnoll sergeants
  2 scorpions
  5 wights
  Dowan (D:5)
  3 killer bees (D:9)
  10 howler monkeys
  An electric eel (D:13)
  A jelly (D:6)
  A komodo dragon simulacrum (Lair:5)
  A gnoll bouda (D:4)
  2 orc priests
  A sleepcap (D:6)
  Terence (D:3)
  2 iguanas
  11 orc wizards
  A boggart zombie (D:15)
  A hound zombie (D:4)
  25 gnolls
  5 adders
  3 white imps
  44 orcs
  10 ball pythons
  4 bats
  8 endoplasms
  2 giant cockroaches
  6 goblins
  4 hobgoblins
  10 jackals
  3 quokkas
  3 frilled lizards (D:2)
  20 kobolds
  5 rats
515 creatures vanquished.

Vanquished Creatures (collateral kills)
  Rupert (Lair:5)
  Kirke (D:13)
  A merfolk javelineer (Shoals:2)
  A fire dragon (D:15)
  3 merfolk impalers
  A vault guard (D:14)
  3 hydras
  A merfolk avatar (Shoals:1)
  A catoblepas (Lair:5)
  A death yak (Lair:5)
  3 sea snakes
  A wizard (D:14)
  2 orc knights (Orc:2)
  2 necromancers
  4 harpies
  A deep elf pyromancer (D:13)
  A deep elf zephyrmancer (D:15)
  5 ugly things
  A cyclops (D:12)
  3 manticores
  3 elephants
  A black mamba (Lair:1)
  2 merfolk sirens
  A water nymph (Shoals:2)
  3 cane toads
  2 rime drakes
  A komodo dragon (Lair:5)
  A centaur skeleton (D:15)
  A polar bear (Lair:2)
  A meliai (Gauntlet)
  9 merfolk
  A blink frog (Lair:2)
  4 dream sheep
  A snapping turtle (Shoals:1)
  2 wind drakes
  A culicivora (shapeshifter) (D:14)
  3 slime creatures (D:14)
  A vampire (D:12)
  A shadow (D:12)
  2 water elementals
  10 yaks
  Eustachio (D:5)
  A hog (D:13)
  A redback (Lair:2)
  3 vampire mosquitoes
  A steam dragon (D:8)
  A basilisk (Lair:1)
  9 humans (D:14)
  An acid dragon (D:5)
  5 water moccasins
  The ghost of ripuliukko the Magician, an amateur DEEE (D:4)
  An ice beast (D:6)
  9 orc warriors
  A sky beast (D:7)
  A black bear (D:5)
  4 ogres
  4 wolves
  6 centaurs
  3 kobold brigands
  Blork the orc (D:5)
  9 bullfrogs
  3 gnoll sergeants
  2 scorpions
  A wight (D:6)
  2 killer bees (D:9)
  2 howler monkeys
  A komodo dragon simulacrum (Lair:5)
  2 gnoll boudas
  6 hounds
  3 orc priests
  Crazy Yiuf (D:7)
  8 orc wizards
  19 gnolls
  2 adders
  2 white imps
  2 ufetubi (D:5)
  An adder zombie (D:4)
  15 orcs
  An endoplasm (D:4)
  4 jackals
  4 kobolds (D:10)
  A rat (D:3)
  A tentacle (Shoals:2)
234 creatures vanquished.

Vanquished Creatures (others)
  A meliai (Gauntlet)
  2 dancing weapons (Orc:2)
  A water elemental (Shoals:3)
  A phantom (D:5)
  A wight (D:8)
  A gnoll (D:8)
  27 knights
  4 ancestors
  17 tentacles
55 creatures vanquished.

Grand Total: 804 creatures vanquished

Notes
Turn   | Place    | Note
-------+----------+-------------------------------------------
     0 | D:1      | Bnni the Formicid Hexslinger began the quest for the Orb.
     0 | D:1      | Reached XP level 1. HP: 15/15 MP: 2/2
   157 | D:1      | Reached XP level 2. HP: 21/21 MP: 3/3
   411 | D:1      | Reached XP level 3. HP: 26/26 MP: 5/5
   415 | D:1      | Learned a level 3 spell: Inner Flame
   632 | D:1      | Found a faded altar of an unknown god.
   931 | D:2      | Found a hazy altar of Hepliaklqana.
   943 | D:2      | Reached XP level 4. HP: 33/33 MP: 6/6
   956 | D:2      | Became a worshipper of Hepliaklqana the Forgotten
  1560 | D:2      | Reached skill level 1 in Shields
  1688 | D:3      | Reached * piety under Hepliaklqana
  1748 | D:3      | Reached skill level 3 in Ranged Weapons
  1804 | D:3      | Reached XP level 5. HP: 34/34 MP: 7/7
  1954 | D:3      | Found a broken altar of Ashenzari.
  2078 | D:3      | Noticed Terence
  2091 | D:3      | Killed Terence
  2092 | D:3      | Reached skill level 5 in Hexes
  2142 | D:3      | Learned a level 4 spell: Cause Fear
  2233 | D:3      | Reached XP level 6. HP: 39/41 MP: 9/9
  2711 | D:4      | Reached skill level 4 in Ranged Weapons
  2711 | D:4      | Reached XP level 7. HP: 45/45 MP: 10/10
  2897 | D:4      | Reached ** piety under Hepliaklqana
  2898 | D:4      | Remembered your ancestor Tankster McGee as a knight
  3099 | D:4      | Found a runed translucent gate.
  3099 | D:4      | Found a runed translucent gate.
  3099 | D:4      | Found a runed translucent gate.
  3099 | D:4      | Noticed ripuliukko's ghost (amateur DEEE)
  3101 | D:4      | Found a basalt altar of Yredelemnul.
  3127 | D:4      | Killed ripuliukko's ghost
  3303 | D:4      | Reached XP level 8. HP: 46/52 MP: 12/12
  3344 | D:4      | Found a staircase to the Ecumenical Temple.
  3495 | D:4      | Found a radiant altar of Vehumet.
  3562 | D:5      | Entered Level 5 of the Dungeon
  3562 | D:5      | Noticed Eustachio
  3588 | D:5      | Killed Eustachio
  3589 | D:5      | Reached skill level 5 in Ranged Weapons
  3708 | D:5      | Learned a level 3 spell: Portal Projectile
  3790 | D:5      | Noticed Blork the orc
  3795 | D:5      | Killed Blork the orc
  3947 | D:5      | Identified the +0 ring mail of Zammoku {rN+}
  3962 | D:5      | Reached skill level 6 in Ranged Weapons
  3962 | D:5      | Reached XP level 9. HP: 35/59 MP: 12/15
  4051 | D:5      | Identified the +2 ring mail of the True Pharaoh {rElec}
  4302 | D:5      | Noticed Duvessa
  4302 | D:5      | Noticed Dowan
  4306 | D:5      | Killed Dowan
  4309 | D:5      | Killed Duvessa
  4860 | D:6      | Reached skill level 5 in Shields
  4860 | D:6      | Reached skill level 1 in Invocations
  5061 | D:6      | Noticed Prince Ribbit
  5087 | D:6      | Killed Prince Ribbit
  5088 | D:6      | Reached skill level 5 in Fighting
  5309 | D:6      | Reached skill level 7 in Ranged Weapons
  5798 | D:7      | Noticed Joseph
  5809 | D:7      | Killed Joseph
  5810 | D:7      | Reached XP level 10. HP: 14/68 MP: 13/16
  6109 | D:7      | Reached skill level 8 in Ranged Weapons
  6212 | D:7      | Found a runed translucent door.
  6213 | D:7      | Noticed Crazy Yiuf
  6279 | D:7      | Found a sacrificial altar of Ru.
  6620 | D:7      | Killed Crazy Yiuf
  7084 | D:8      | Reached skill level 10 in Hexes
  7113 | D:8      | Noticed Psyche
  7129 | D:8      | Killed Psyche
  7130 | D:8      | Reached skill level 5 in Invocations
  7203 | D:8      | Found a large runed translucent door.
  7203 | D:8      | Found a large runed translucent door.
  7207 | D:8      | Noticed a manticore
  7229 | D:8      | Noticed a cyclops
  7238 | D:8      | Killed a cyclops
  7239 | D:8      | Reached skill level 9 in Ranged Weapons
  7406 | D:8      | Noticed a cyclops
  7413 | D:8      | Found a large runed translucent door.
  7413 | D:8      | Found a large runed translucent door.
  7428 | D:8      | Noticed a two-headed ogre
  7433 | D:8      | Killed a two-headed ogre
  7434 | D:8      | Reached XP level 11. HP: 75/75 MP: 13/17
  7481 | D:8      | Reached *** piety under Hepliaklqana
  7492 | D:8      | Noticed a centaur warrior
  7517 | D:8      | Killed a centaur warrior
  7599 | D:8      | Learned a level 3 spell: Tukima's Dance
  7604 | D:8      | Learned a level 4 spell: Anguish
  7837 | D:8      | Found a snail-covered altar of Cheibriados.
  7877 | D:8      | Noticed Amaemon
  7923 | D:8      | Killed Amaemon
  7924 | D:8      | Reached skill level 10 in Ranged Weapons
  8250 | D:8      | Found a glowing silver altar of Zin.
  8383 | D:8      | Killed a manticore
  8390 | D:8      | Killed a cyclops
  8390 | D:8      | HP: 2/77 [spore (31)]
  9203 | D:9      | Noticed a two-headed ogre
  9221 | D:9      | Killed a two-headed ogre
  9765 | D:10     | Entered Level 10 of the Dungeon
  9832 | D:10     | Found a staircase to the Lair.
  9852 | D:10     | Reached **** piety under Hepliaklqana
 10378 | D:10     | Found a shadowy altar of Dithmenos.
 10529 | D:10     | Reached skill level 11 in Ranged Weapons
 10747 | D:11     | Found a hazy altar of Hepliaklqana.
 10835 | D:11     | Noticed a boulder beetle
 10902 | D:11     | Reached XP level 12. HP: 67/84 MP: 18/18
 11012 | D:11     | Killed a boulder beetle
 11748 | D:11     | Identified a scroll of acquirement
 11749 | D:11     | Acquired 953 gold pieces
 11781 | D:11     | Noticed a two-headed ogre
 11786 | D:11     | Killed a two-headed ogre
 12320 | D:12     | Reached ***** piety under Hepliaklqana
 12448 | D:12     | Reached skill level 12 in Ranged Weapons
 12514 | D:12     | Noticed a boulder beetle
 12531 | D:12     | Killed a boulder beetle
 12636 | D:12     | Found a staircase to the Orcish Mines.
 12987 | Lair:1   | Entered Level 1 of the Lair of Beasts
 13328 | Lair:1   | Reached XP level 13. HP: 85/92 MP: 16/20
 13335 | Lair:1   | Reached skill level 10 in Fighting
 13563 | Lair:1   | Reached skill level 13 in Ranged Weapons
 14395 | Lair:2   | Reached skill level 10 in Invocations
 14667 | Lair:2   | You fall into a shaft and drop 1 floor!
 14961 | Lair:2   | Found a hole to the Spider Nest.
 15147 | Lair:2   | Reached skill level 14 in Ranged Weapons
 15298 | Lair:2   | Found a staircase to the Shoals.
 15626 | Lair:3   | Found a runed translucent door.
 15627 | Lair:3   | Noticed jaiteiro's ghost (journeyman NaIE)
 15753 | Lair:3   | Noticed a four-headed hydra
 15765 | Lair:3   | Killed a four-headed hydra
 15926 | Lair:3   | Reached ****** piety under Hepliaklqana
 16305 | Lair:4   | Noticed a four-headed hydra
 16314 | Lair:4   | Killed a four-headed hydra
 16642 | Lair:4   | Reached XP level 14. HP: 101/101 MP: 13/22
 16727 | Lair:4   | Found an opulent altar of Gozag.
 17092 | Lair:5   | Entered Level 5 of the Lair of Beasts
 17114 | Lair:5   | Identified the +1 ring mail of Boahuth {Rampage +Inv rC+
                  | MP+9 Int+3}
 17298 | Lair:5   | Reached skill level 15 in Ranged Weapons
 17561 | Lair:5   | Found a staircase to the Slime Pits.
 17561 | Lair:5   | Found a viscous altar of Jiyva.
 17568 | Lair:5   | Found a runed translucent gate.
 17569 | Lair:5   | Found a runed translucent gate.
 17570 | Lair:5   | Found a runed translucent gate.
 17597 | Lair:5   | Noticed purpleHaze's ghost (journeyman TrWr)
 17750 | Lair:5   | Identified the +1 leather armour of Tuvakhloh {Harm}
 17772 | Lair:5   | Noticed Rupert
 17785 | Lair:5   | Killed Rupert
 18261 | Lair:5   | Reached skill level 16 in Ranged Weapons
 18674 | Lair:5   | Killed purpleHaze's ghost
 18834 | Lair:5   | Got the ring "Soenui" {Fire rN++ Dex-5 SInv}
 18962 | Lair:3   | Killed jaiteiro's ghost
 19301 | Orc:1    | Entered Level 1 of the Orcish Mines
 19301 | Orc:1    | Noticed Harold
 19311 | Orc:1    | Killed Harold
 19312 | Orc:1    | Reached XP level 15. HP: 106/109 MP: 24/24
 19363 | Orc:1    | Found Yjususe's Distillery.
 19370 | Orc:1    | Bought a potion of heal wounds for 80 gold pieces
 19370 | Orc:1    | Bought 2 potions of curing for 96 gold pieces
 19370 | Orc:1    | Bought a potion of heal wounds for 80 gold pieces
 19401 | Orc:1    | Noticed Nergalle
 19412 | Orc:1    | Killed Nergalle
 19517 | Orc:1    | Noticed Sonja
 19520 | Orc:1    | Killed Sonja
 19533 | Orc:1    | Reached skill level 1 in Armour
 19593 | Orc:1    | Found Xyrec's General Store.
 19789 | Orc:2    | Entered Level 2 of the Orcish Mines
 19923 | Orc:2    | Found a staircase to the Elven Halls.
 20577 | Orc:2    | Found Icaet's Weapon Shop.
 20577 | Orc:2    | Found Ilumag's Antique Weapon Emporium.
 20579 | Orc:2    | Found Cobiureh's Jewellery Shoppe.
 20581 | Orc:2    | Found Peumnobb's Magic Scroll Boutique.
 20589 | Orc:2    | Bought the ring "Vaysasash" {rN++ Will+ rCorr EV+5 Str-5}
                  | for 975 gold pieces
 20594 | Orc:2    | Bought a scroll of enchant weapon for 97 gold pieces
 20924 | D:13     | Noticed Erolcha
 20931 | D:13     | Killed Erolcha
 20958 | D:13     | Found a shimmering blue altar of Sif Muna.
 20995 | D:13     | Found a gate leading to a gauntlet.
 21002 | Gauntlet | Entered a Gauntlet
 21002 | Gauntlet | Found a transporter.
 21002 | Gauntlet | Found a transporter.
 21002 | Gauntlet | Found a transporter.
 21003 | Gauntlet | Found a transporter.
 21006 | Gauntlet | Found a transporter.
 21016 | Gauntlet | Found a transporter.
 21022 | Gauntlet | Found a transporter.
 21029 | Gauntlet | Found a transporter.
 21040 | Gauntlet | Found a transporter.
 21054 | Gauntlet | Found a transporter.
 21062 | Gauntlet | Found a transporter.
 21080 | Gauntlet | Found a transporter.
 21211 | Gauntlet | Identified the ring "Dolyenlumn" {Fire Dex+3}
 21296 | Gauntlet | Identified the +3 falchion of Internal Strife {flame,
                  | *Noise rN+ Str+5 Dex+3}
 21308 | Gauntlet | Identified the +3 falchion of Reapportionment {protect, rC+
                  | Int+3 Dex+3}
 21308 | Gauntlet | Identified the ring of the Butterfly {rCorr Str-5 Int+5}
 21391 | D:13     | Reached skill level 17 in Ranged Weapons
 21501 | D:13     | Noticed Kirke
 21512 | D:13     | Killed Kirke
 21749 | D:13     | Found Ekhlon's Distillery.
 21753 | D:13     | Found Suiffala's General Store.
 21755 | D:13     | Found Zelimoin's Assorted Antiques.
 21755 | D:13     | Found Mazxyhi's General Store.
 21756 | D:13     | Found Sexaehal's Book Shop.
 21756 | D:13     | Found Tooson's Assorted Antiques.
 21794 | D:13     | Bought a scroll labelled HIONLAHEAP for 27 gold pieces
 21800 | D:13     | Bought a scroll of enchant weapon for 120 gold pieces
 22023 | D:14     | Noticed Snorg
 22032 | D:14     | Killed Snorg
 22387 | D:14     | Identified the staff of fire "Ladd" {*Corrode rF+ rC- Int+5
                  | Dex+2}
 22775 | D:14     | Reached skill level 5 in Armour
 22775 | D:14     | Reached XP level 16. HP: 108/118 MP: 19/25
 22840 | D:14     | Found a gate to the Vaults.
 22957 | D:15     | Entered Level 15 of the Dungeon
 23394 | D:15     | Reached skill level 5 in Dodging
 23418 | D:15     | Found a staircase to the Depths.
 23781 | D:15     | Found a stormy altar of Qazlal.
 23841 | D:15     | Reached skill level 18 in Ranged Weapons
 24266 | Shoals:1 | Entered Level 1 of the Shoals
 24691 | Shoals:1 | Found Tumpal's Antique Weapon Shoppe.
 25402 | Shoals:2 | Found an ornate altar of the Wu Jian Council.
 25758 | Shoals:2 | Found Padioc's General Store.
 25768 | Shoals:2 | Bought a scroll of summoning for 152 gold pieces
 25816 | Shoals:2 | Noticed a kraken
 26307 | Shoals:2 | Killed a kraken
 27054 | Shoals:3 | Reached XP level 17. HP: 26/126 MP: 26/26
 27783 | Shoals:3 | Reached skill level 19 in Ranged Weapons
 28108 | Shoals:3 | Identified the +6 sling "Beastslayer" {drain, Int+5}
 28149 | Shoals:3 | HP: 6/126 [merfolk impaler/+2 trident of venom (19)]
 28645 | Shoals:3 | Reached skill level 15 in Fighting
 28907 | Shoals:3 | Noticed a kraken
 28923 | Shoals:3 | HP: 3/127 [tentacle[a kraken] (14)]
 28923 | Shoals:3 | Mangled by a tentacle

Illustrated notes

Levels and vault maps discovered:
D:1:      roderic_crossed_star, layout_loops_ring, ebering_ecumenical_altar_box
D:2:      layout_basic, basic_altar
D:3:      layout_basic, evilmike_ruin_ashenzari, uniq_terence
D:4:      layout_loops_ring, nicolae_yredelemnul_ghost_church,
          mainiacjoe_overflow_alcove_2, temple_hall
D:5:      layout_basic, uniq_duvessa, uniq_blork_the_orc, uniq_eustachio
D:6:      layout_basic, mrwooster_statue_mirror, st_stairs_2,
          kennysheep_generic_room_3, uniq_prince_ribbit1
D:7:      layout_rooms, nicolae_ru_awakened_eye, uniq_crazy_yiuf_cottage,
          uniq_joseph
D:8:      layout_loops_ring, lemuel_doored_altar, marbit_many_paths,
          minmay_hollow_rounded_squares, uniq_amaemon, uniq_psyche
D:9:      layout_loops_ring
D:10:     layout_big_octagon, mainiacjoe_overflow_brackets, dpeg_oklobed_lair,
          roderic_lattice_a
D:11:     layout_basic, nzn_hepliaklqana_mist_gate
D:12:     layout_irregular_city, orc_0_dummy
D:13:     layout_roguey, gauntlet_entry_generic,
          nicolae_shop_national_dungeon_mall, nicolae_sif_muna_condensation,
          uniq_kirke, uniq_erolcha
D:14:     layout_irregular_city, grunt_vaults_entry_tiered,
          hangedman_abyss_or_decor_lesser_grid, uniq_snorg
D:15:     grunt_enter_depths_magical_seal, layout_irregular_city,
          nicolae_qazlal_scattered_showers
Lair:1:   layout_layer_cave, grunt_megastairs_5
Lair:2:   layout_regular_city, elwin_shoals_entry_rooms, spider_nest_entry_a,
          minmay_holes
Lair:3:   layout_chaotic_city, ebering_ghost_inner_flame
Lair:4:   layout_misc_corridors, basic_altar, infiniplex_staircase_pool
Lair:5:   evilmike_catoblepas_cave, layout_hall_layers, slime_entry_1,
          gammafunk_ghost_icy, grunt_megastairs_2, uniq_rupert
Shoals:1: layout_shoals, serial_shops, shop,
          nicolae_shoals_siren_and_animal_friends
Shoals:2: layout_shoals, serial_shops, shop, lemuel_oklob_altar
Shoals:3: layout_shoals, nicolae_shoals_dead_sea_scrolls, uniq_ilsuiw
Orc:1:    layout_caves, serial_shops, shop, nicolae_shop_real_fake_doors,
          uniq_harold, uniq_nergalle, uniq_josephine, uniq_sonja
Orc:2:    st_orc_rangers, layout_diamond_mine

Skill      XL: |  1  2  3  4  5  6  7  8  9 10 11 12 13 14 15 16 17 |
---------------+----------------------------------------------------+-----
Hexes          | 4 5 6 7 9 10 11 12 13 | 13.3
Fighting       | 2 3 4 5 7 8 9 11 12 13 14 15 | 15.1
Shields        | 1 2 3 4 5 |  5.0
Ranged Weapons | 3 4 6 7 9 11 12 14 16 17 18 19 | 19.2
Spellcasting   | 2 3 4 |  4.0
Invocations    | 3 5 7 9 11 12 13 | 13.0
Dodging        | 4 6 7 |  7.2
Armour         | 5 |  5.0

Action                     |  1- 3 |  4- 6 |  7- 9 | 10-12 | 13-15 | 16-18 || total
---------------------------+-------+-------+-------+-------+-------+-------++-------
  Melee: Dagger            |       |       |       |     6 |       |       ||     6
   Fire: Sling             |    74 |   197 |   308 |    85 |       |       ||   664
         Shortbow          |       |       |       |   549 |   196 |       ||   745
         Arbalest          |       |       |       |       |   737 |   553 ||  1290
  Throw: Throwing net      |       |       |       |     3 |       |       ||     3
         Dart              |       |       |       |     6 |       |       ||     6
         Boomerang         |       |       |       |       |    11 |       ||    11
   Cast: Slow              |     3 |    23 |    13 |    19 |    12 |     5 ||    75
         Inner Flame       |       |     1 |    14 |    54 |    57 |    11 ||   137
         Cause Fear        |       |       |     1 |     5 |    18 |    25 ||    49
         Portal Projectile |       |       |       |     4 |    11 |     7 ||    22
         Tukima's Dance    |       |       |       |       |    11 |       ||    11
         Anguish           |       |       |       |       |     1 |     1 ||     2
 Invoke: Ancestor Identity |       |     1 |       |       |       |       ||     1
         Ancestor Life: Kn |       |       |     1 |       |       |       ||     1
         Recall Ancestor   |       |       |     8 |     4 |     1 |     2 ||    15
         Transference      |       |       |       |       |     5 |     2 ||     7
         Idealise          |       |       |       |       |     3 |     2 ||     5
Ability: Dig               |       |       |       |     1 |       |     1 ||     2
  Evoke: Wand              |       |       |       |     2 |     3 |       ||     5
    Use: Scroll            |       |     1 |     8 |     7 |    10 |     8 ||    34
         Potion            |       |       |       |       |     2 |     4 ||     6
   Stab: Paralysed         |       |       |       |     6 |       |       ||     6
 Armour: Robe              |     9 |    13 |    39 |    19 |     8 |     5 ||    93
         Troll leather arm |       |       |       |    24 |    28 |       ||    52
         Ring mail         |       |       |       |       |     9 |    43 ||    52
  Dodge: Dodged            |    22 |    29 |    82 |    81 |   120 |   191 ||   525
  Block: Buckler           |     4 |    18 |    31 |   109 |   141 |   139 ||   442
         Reflection        |       |       |       |     8 |    31 |    12 ||    51
